 Dungeon Crawl Stone Soup version 0.29.1-12-g30fa7ad0bf (webtiles) character file.

Game seed: 1786133011642102604

60 Sanktem7 the Trooper (level 3, -2/34 HPs)
             Began as a Minotaur Fighter on Dec 16, 2022.
             Slain by a gnoll
             ... wielding a +0 spear
              (4 damage)
             ... on level 3 of the Dungeon.
             The game lasted 00:03:37 (1883 turns).

Sanktem7 the Trooper (Minotaur Fighter)             Turns: 1883, Time: 00:03:38

Health: -2/34      AC:  9    Str: 22    XL:     3   Next: 80%
Magic:  2/2        EV:  7    Int:  5    God:
Gold:   132        SH:  4    Dex:  9    Spells: 2/2 levels left

rFire   . . .      SeeInvis .   e - +1 flail (vorpal) {mace}
rCold   . . .      Faith    .   c - +0 buckler
rNeg    + . .      Spirit   .   v - +0 chain mail
rPois   .          Reflect  .   (helmet restricted)
rElec   .          Harm     .   (no cloak)
rCorr   .          Rampage  .   (no gloves)
Will    .....                   (no boots)
Stlth   ..........              (no amulet)
HPRegen 0.11/turn               s - ring of positive energy
MPRegen 0.08/turn               (no ring)

@: no status effects
A: horns 2, retaliatory headbutt
a: no special abilities


You were on level 3 of the Dungeon.
You visited 1 branch of the dungeon, and saw 3 of its levels.

You collected 132 gold pieces.


Innate Abilities, Weirdness & Mutations

You have a pair of horns on your head.
You reflexively headbutt those who attack you in melee.


   Skills:
 * Level 4.6 Fighting
 - Level 2.4(3.0) Axes
 * Level 2.5(3.0) Maces & Flails
 + Level 4.1 Armour
 - Level 3.6 Shields


You had 2 spell levels left.
You didn't know any spells.
Your spell library contained the following spells:

 Spells                   Type           Power      Damage    Failure   Level
 Ensorcelled Hibernation  Hex/Ice        0%         N/A       100%        2
 Spider Form              Tmut/Pois      0%         N/A       100%        3
 Anguish                  Hex/Necr       0%         N/A       100%        4

Inventory:

Hand Weapons
 a - a +0 war axe {axe}
 e - a +1 vorpal flail (weapon) {mace}
   (You found it on level 1 of the Dungeon)
Missiles
 o - 2 stones (quivered) {throwing}
 t - 5 poisoned darts {throwing}
Armour
 c - a +0 buckler (worn)
 v - a +0 chain mail (worn)
   (You found it on level 2 of the Dungeon)
Jewellery
 s - a ring of positive energy (left hand)
   (You found it on level 2 of the Dungeon)
Scrolls
 h - 2 scrolls of identify {unknown}
 i - a scroll of poison {unknown}
 j - a scroll of blinking {unknown}
 k - 2 scrolls of immolation {!r!r}
 l - a scroll of magic mapping {unknown}
 q - a scroll of enchant armour {unknown}
 u - a scroll of fear {unknown}
Potions
 d - a potion of might
 f - 3 potions of ambrosia {unknown}
 g - a potion of lignification {unknown}
 m - a potion of curing {unknown}
 n - 2 potions of invisibility {unknown}
 p - 2 potions of brilliance {unknown}
 r - 2 potions of degeneration {unknown}

Dungeon Overview and Level Annotations

Branches:
Dungeon (3/15) Zot: 16069

Altars:

Shops:
D:2

( #.##.# #.##g#
#.##g# #.##.# #.##.#
#.#####.##g#
#..........#
######...##########
#.#..<.gg@...#
########...########.#
.......†..## #
#########.# #.# #.#
#.# #.# #.#


You could see 2 gnolls.


Message History

😕 HP[-7]
You take 7 damage, and now have 27/34 hp.
MASSIVE DAMAGE!! (PAUSE)
You barely miss the worm.
You headbutt the worm, but do no damage. 😕 HP[+1]
You thump the worm! The worm bites you. 😮 HP[-3]
You take 3 damage, and now have 25/34 hp.
You hit the worm. The worm bites you but does no damage.
You hit the worm. The worm bites you but does no damage.
You sock the worm!
You kill the worm!
You see here a worm corpse.
Found a stone staircase leading down. 😎 HP[+9]
Your hp is fully restored (34).
There is a stone staircase leading down here.
You see here a +0 scale mail.
A gnoll comes into view. It is wielding a +0 spear.
A gnoll is nearby! 2 gnolls come into view.
The gnoll shouts! x2
A ball python comes into view.
The ball python hisses angrily.
The gnoll hits you but does no damage. You block the gnoll's attack.
The ball python barely misses you. You block the ball python's attack.
The gnoll hits you but does no damage. The gnoll completely misses you.
You furiously retaliate!
You headbutt the gnoll. You barely miss the gnoll.
The ball python bites you but does no damage.
The ball python grabs you. The ball python constricts you.
The gnoll hits you with a +0 spear. x2 😕 HP[-6]
You take 6 damage, and now have 28/34 hp.
The ball python's grasp on you weakens, but your attempt to escape fails.
The ball python bites you but does no damage.
The ball python constricts you. The gnoll hits you with a +0 spear. x2
* * * LOW HITPOINT WARNING * * *
An endoplasm comes into view. 😨 HP[-12]
You take 12 damage, and now have 16/34 hp.
MASSIVE DAMAGE!! (PAUSE)
You escape the ball python's grasp.
The ball python attacks as you move away!
The ball python bites you but does no damage.
The ball python barely misses you. The gnoll attacks as you move away!
You block the gnoll's attack.
The gnoll hits you from afar with a +0 spear.
* * * LOW HITPOINT WARNING * * *
The gnoll hits you from afar with a +0 spear.
* * * LOW HITPOINT WARNING * * *
😨 HP[-7]
You take 7 damage, and now have 9/34 hp.
MASSIVE DAMAGE!! (PAUSE)
The ball python attacks as you move away!
The ball python bites you but does no damage.
A ball python comes into view.
The ball python attacks as you move away!
The ball python completely misses you.
You barely miss the ball python.
The ball python bites you but does no damage.
The ball python grabs you. The ball python constricts you.
The gnoll hits you but does no damage. The ball python bites you.
* * * LOW HITPOINT WARNING * * *
The ball python constricts you. 😱 HP[-2]
You take 2 damage, and now have 7/34 hp.
You barely miss the ball python.
The ball python bites you but does no damage.
The ball python constricts you. The gnoll hits you but does no damage.
The ball python bites you but does no damage.
The ball python constricts you.
You closely miss the ball python. The gnoll hits you but does no damage.
The ball python barely misses you. The ball python constricts you.
You hit the ball python.
You kill the ball python!
You block the gnoll's attack.
You see here a +0 scale mail. 😱 HP[+1] 😨 HP[+1]
There is a stone staircase leading up here. 😨 HP[+1]
The gnoll hits you but does no damage.
You hit the gnoll. The gnoll hits you with a +0 spear.
* * * LOW HITPOINT WARNING * * *
😱 HP[-5]
You take 5 damage, and now have 5/34 hp.
You hit the gnoll.
You headbutt the gnoll, but do no damage.
The gnoll hits you with a +0 spear.
* * * LOW HITPOINT WARNING * * *
😱 HP[-3]
You take 3 damage, and now have 2/34 hp.
You sock the gnoll!
You kill the gnoll!
You block the gnoll's attack.
The gnoll hits you from afar with a +0 spear.
You die...

Skill      XL: |  1  2  3 |
---------------+----------+-----
Maces & Flails | 1 2 |  2.5
Fighting       | 4 |  4.6
Armour         | 4 |  4.1
Axes           | |  2.4
Shields        | |  3.6

Action                   || total
-------------------------++-------
Melee: Flail             ||    97
       Headbutt          ||    14
Armor: Scale mail        ||    33
       Chain mail        ||    16
Dodge: Dodged            ||    51
Block: Buckler           ||    21

Levels and vault maps discovered:
D:1:      lemuel_arrival_rhombus, layout_basic,
          hellmonk_ecumenical_altar_blasted
D:2:      layout_basic, serial_shops, nicolae_shop_crystal, serial_rivers,
          chequers_serial_rivers_large_a, chequers_serial_rivers_micro_c,
          chequers_serial_rivers_marsh, chequers_serial_rivers_small_b,
          chequers_serial_rivers_micro_e, chequers_serial_rivers_small_a,
          hex_medium
D:3:      layout_loops_ring, serial_shops, shop, amethyst_killhole,
          corexii_leaking_fountain, minivault_23

Notes
Turn   | Place    | Note
-------+----------+-------------------------------------------
     0 | D:1      | Sanktem7 the Minotaur Fighter began the quest for the Orb.
     0 | D:1      | Reached XP level 1. HP: 19/19 MP: 0/0
     0 | D:1      | magus.rc [v1.9.6]
    21 | D:1      | Reached skill level 1 in Maces & Flails
    23 | D:1      | Reached XP level 2. HP: 27/27 MP: 1/1
    58 | D:1      | Reached skill level 4 in Fighting
   245 | D:1      | Found a faded altar of an unknown god.
   253 | D:1      | Reached skill level 2 in Maces & Flails
   253 | D:1      | Reached XP level 3. HP: 33/33 MP: 2/2
   260 | D:1      | Reached skill level 4 in Armour
   413 | D:1      | You pick up a book of Dreams and begin reading...
   413 | D:1      | You add the spells Ensorcelled Hibernation, Spider Form and
                  | Anguish to your library.
  1418 | D:2      | Found Viter's Antique Weapon Emporium.
  1853 | D:3      | HP: 7/34 [ball python (3)]
  1881 | D:3      | HP: 5/34 [gnoll/+0 spear (5)]
  1882 | D:3      | HP: 2/34 [gnoll/+0 spear (3)]
  1883 | D:3      | Slain by a gnoll

Vanquished Creatures
  A gnoll (D:3)
  3 dart slugs
  2 worms
  5 endoplasms
  A goblin (D:1)
  A hobgoblin (D:1)
  7 jackals (D:1)
  4 quokkas
  3 ball pythons
  7 bats
  3 frilled lizards (D:1)
  3 kobolds (D:2)
  5 rats
45 creatures vanquished.

Table legend:
 A = Non-vault XP
 B = Vault XP
 C = Vault XP percentage of total XP
 D = Non-vault monster count
 E = Vault monster count
 F = Vault count percentage of total count
                 A         B        C        D         E       F
            +---------+---------+-------+---------+---------+-------
      Total |     100 |       0 |   0.0 |      45 |       0 |   0.0
            +---------+---------+-------+---------+---------+-------
        D:1 |      51 |       0 |   0.0 |      28 |       0 |   0.0
        D:2 |      28 |       0 |   0.0 |      14 |       0 |   0.0
        D:3 |      21 |       0 |   0.0 |       3 |       0 |   0.0
            +---------+---------+-------+---------+---------+-------

Illustrated notes

Table legend:
 A = Kills in this place as a percentage of kills in entire the game.
 B = Kills by you in this place as a percentage of kills by you in the entire game.
 C = Kills by friends in this place as a percentage of kills by friends in the entire game.
 D = Other kills in this place as a percentage of other kills in the entire game.
 E = Experience gained in this place as a percentage of experience gained in the entire game.
 F = Experience gained in this place divided by the number of levels of this place that you have seen.
                   A       B       C       D       E      F
               +-------+-------+-------+-------+-------+----------------------
         Total | 100.0 | 100.0 |   N/A |   N/A | 100.0 |  33.3
       Dungeon | 100.0 | 100.0 |   N/A |   N/A | 100.0 |  33.3
               +-------+-------+-------+-------+-------+----------------------

Table legend: (Time is in decaauts)
 A = Elapsed time spent in this place.
 B = Non-inter-level travel time spent in this place.
 C = Inter-level travel time spent in this place.
 D = Time resting spent in this place.
 E = Time spent auto-exploring this place.
 F = Levels seen in this place.
 G = Mean time per level.
                   A        B        C        D        E       F      G
               +--------+--------+--------+--------+--------+-----+--------+
         Total |   1929 |   1897 |     32 |      0 |   1575 |   3 |  643.0 |
       Dungeon |   1929 |   1897 |     32 |      0 |   1575 |   3 |  643.0 |
               +--------+--------+--------+--------+--------+-----+--------+

Top non-repeatable levels by time:
     D:2: 925 daAuts
     D:1: 848 daAuts
     D:3: 155 daAuts
